1972 views
Uploaded 2023-04-21 21:07:03
Game version 1.35 (6115)
18:44 long 4on4 ladder game on (8)GoldRush_S2
Saved by DKnight
1972 views
Uploaded 2023-04-21 21:07:03
Game version 1.35 (6115)
18:44 long 4on4 ladder game on (8)GoldRush_S2

167 units @ 21.7k
/ 2.8k
77 buildings @ 12.5k
/ 6.1k


| Scroll of Regeneration | 1 | 100 |
| Potion of Healing | 2 | 300 |
| Potion of Mana | 1 | 200 |
| Orb of Fire | 1 | 325 |
| Lesser Clarity Potion | 2 | 140 |
| Scroll of Town Portal | 2 | 700 |
| Orb of Venom | 1 | 325 |
| total: | 10 | 2090g |
| Peasant | 11 | 825 | / | 0 |
| Footman | 8 | 1080 | / | 0 |
| Rifleman | 8 | 1640 | / | 240 |
| Mortar Team | 3 | 540 | / | 210 |
| Knight | 2 | 490 | / | 120 |
| Priest | 2 | 270 | / | 20 |
| Siege Engine | 1 | 195 | / | 60 |
| total: | 35 | 5040g | / | 650w |
| Farm | 7 | 560 | / | 140 |
| Altar of Kings | 1 | 180 | / | 50 |
| Barracks | 1 | 160 | / | 60 |
| Town Hall | 1 | 385 | / | 205 |
| Arcane Vault | 1 | 130 | / | 30 |
| Blacksmith | 1 | 140 | / | 60 |
| Lumber Mill | 1 | 120 | / | 0 |
| Workshop | 1 | 140 | / | 140 |
| Arcane Sanctum | 1 | 150 | / | 140 |
| Keep | 1 | 320 | / | 210 |
| Castle | 1 | 360 | / | 210 |
| total: | 15 | 1965g | / | 825w |
| 0:09 | Peasant |
| 0:09 | Peasant |
| 0:12 | Farm |
| 0:22 | Altar of Kings |
| 0:30 | Barracks |
| 1:00 | Peasant |
| 1:13 | Peasant |
| 1:43 | Peasant |
| 1:45 | Footman |
| 1:52 | Farm |
| 1:58 | Peasant |
| 2:12 | Farm |
| 2:31 | Footman |
| 2:37 | Summon Water Elemental |
| 2:44 | Footman |
| 2:51 | Farm |
| 3:05 | Footman |
| 3:26 | Footman |
| 3:27 | Peasant |
| 3:56 | Town Hall |
| 4:14 | Arcane Vault |
| 4:17 | Footman |
| 4:33 | Keep |
| 4:36 | Brilliance Aura |
| 5:05 | Blacksmith |
| 5:19 | Footman |
| 5:25 | Lumber Mill |
| 6:00 | Footman |
| 6:29 | Rifleman |
| 6:44 | Rifleman |
| 7:05 | Black Gunpowder |
| 7:05 | Studded Leather Armor |
| 7:08 | Improved Lumber Harvesting |
| 7:11 | Scroll of Regeneration |
| 7:13 | Summon Water Elemental |
| 7:16 | Rifleman |
| 7:16 | Long Rifles |
| 7:25 | Peasant |
| 7:25 | Peasant |
| 7:32 | Rifleman |
| 7:54 | Workshop |
| 8:03 | Rifleman |
| 8:08 | Peasant |
| 8:08 | Peasant |
| 8:44 | Advanced Lumber Harvesting |
| 8:56 | Farm |
| 9:07 | Orb of Venom |
| 9:18 | Farm |
| 9:33 | Rifleman |
| 9:33 | Rifleman |
| 9:49 | Scroll of Town Portal |
| 9:52 | Potion of Healing |
| 9:59 | Potion of Mana |
| 10:03 | Holy Light |
| 10:43 | Rifleman |
| 10:59 | Arcane Sanctum |
| 11:01 | Mortar Team |
| 11:01 | Mortar Team |
| 11:25 | Refined Gunpowder |
| 11:34 | Mortar Team |
| 12:09 | Castle |
| 12:27 | Farm |
| 12:42 | Flare |
| 12:46 | Priest Adept Training |
| 14:17 | Brilliance Aura |
| 14:32 | Animal War Training |
| 14:32 | Knight |
| 14:41 | Imbued Gunpowder |
| 14:44 | Orb of Fire |
| 14:47 | Lesser Clarity Potion |
| 14:55 | Potion of Healing |
| 14:59 | Improved Masonry |
| 15:24 | Fragmentation Shards |
| 15:57 | Priest Master Training |
| 16:03 | Scroll of Town Portal |
| 16:09 | Knight |
| 16:16 | Reinforced Leather Armor |
| 16:20 | Priest |
| 16:20 | Priest |
| 17:04 | Divine Shield |
| 17:38 | Barrage |
| 17:39 | Siege Engine |
| 17:51 | Lesser Clarity Potion |
| 18:14 | Holy Light |
| Right click | 247 |
| Select | 213 |
| Select group | 200 |
| Misc. action | 109 |
| Build/train/purchase | 96 |
| Assign group | 15 |
| Use ability | 14 |
| Item give/drop | 2 |


| Healing Salve | 1 | 100 |
| Scroll of Speed | 2 | 100 |
| Lesser Clarity Potion | 6 | 420 |
| Orb of Lightning | 1 | 375 |
| Scroll of Town Portal | 3 | 1050 |
| total: | 13 | 2045g |
| Peon | 25 | 1875 | / | 0 |
| Troll Headhunter | 8 | 1120 | / | 160 |
| Kodo Beast | 2 | 510 | / | 120 |
| Raider | 3 | 540 | / | 120 |
| Wind Rider | 1 | 265 | / | 40 |
| total: | 39 | 4310g | / | 440w |
| Watch Tower | 7 | 770 | / | 560 |
| Altar of Storms | 1 | 180 | / | 50 |
| Orc Burrow | 8 | 1280 | / | 320 |
| War Mill | 1 | 205 | / | 0 |
| Barracks | 3 | 540 | / | 150 |
| Voodoo Lounge | 4 | 520 | / | 120 |
| Great Hall | 2 | 770 | / | 370 |
| Beastiary | 3 | 435 | / | 420 |
| Stronghold | 2 | 630 | / | 380 |
| Fortress | 1 | 325 | / | 190 |
| total: | 29 | 4700g | / | 1990w |
| 0:03 | Peon |
| 0:04 | Peon |
| 0:07 | Altar of Storms |
| 0:16 | Orc Burrow |
| 0:22 | Peon |
| 0:41 | Peon |
| 0:53 | War Mill |
| 1:11 | Barracks |
| 1:23 | Peon |
| 1:23 | Peon |
| 2:03 | Peon |
| 2:06 | Orc Burrow |
| 2:14 | Voodoo Lounge |
| 2:20 | Feral Spirit |
| 2:28 | Peon |
| 2:36 | Peon |
| 2:40 | Troll Headhunter |
| 2:43 | Troll Headhunter |
| 3:00 | Watch Tower |
| 3:06 | Watch Tower |
| 3:15 | Troll Headhunter |
| 3:28 | Peon |
| 3:36 | Watch Tower |
| 3:49 | Troll Headhunter |
| 3:59 | Healing Salve |
| 4:05 | Peon |
| 4:13 | Peon |
| 4:23 | Peon |
| 4:27 | Spiked Barricades |
| 4:54 | Stronghold |
| 5:14 | Chain Lighting |
| 5:28 | Great Hall |
| 5:42 | Voodoo Lounge |
| 6:06 | Orc Burrow |
| 6:18 | Steel Ranged Weapons |
| 6:24 | Orc Burrow |
| 6:45 | Watch Tower |
| 7:02 | Voodoo Lounge |
| 7:38 | Watch Tower |
| 7:47 | Troll Regeneration |
| 8:21 | Beastiary |
| 8:24 | Peon |
| 8:25 | Peon |
| 8:25 | Peon |
| 8:26 | Peon |
| 8:32 | Watch Tower |
| 8:39 | Hex |
| 8:44 | Scroll of Speed |
| 9:03 | Beastiary |
| 9:49 | Troll Headhunter |
| 9:50 | Kodo Beast |
| 9:53 | Barracks |
| 9:58 | Troll Headhunter |
| 10:26 | Troll Headhunter |
| 11:05 | Ensnare |
| 11:05 | Raider |
| 11:06 | Raider |
| 11:06 | Raider |
| 11:19 | Fortress |
| 11:22 | Peon |
| 11:22 | Peon |
| 11:22 | Peon |
| 11:22 | Peon |
| 11:24 | Troll Headhunter |
| 11:35 | Great Hall |
| 11:44 | Beastiary |
| 11:46 | Orc Burrow |
| 12:02 | Scroll of Town Portal |
| 12:03 | Lesser Clarity Potion |
| 12:08 | Lesser Clarity Potion |
| 12:11 | Lesser Clarity Potion |
| 12:16 | Scroll of Speed |
| 12:29 | Orc Burrow |
| 12:34 | Reinforced Defenses |
| 13:52 | Berserker Upgrade |
| 13:54 | Envenomed Spears |
| 14:04 | Scroll of Town Portal |
| 14:04 | Lesser Clarity Potion |
| 14:05 | Orb of Lightning |
| 14:06 | Lesser Clarity Potion |
| 14:22 | Orc Burrow |
| 14:23 | Orc Burrow |
| 14:30 | Chain Lighting |
| 14:42 | Pillage |
| 14:48 | Peon |
| 14:48 | Peon |
| 14:48 | Peon |
| 14:48 | Peon |
| 15:36 | Lesser Clarity Potion |
| 15:39 | Scroll of Town Portal |
| 15:44 | War Drums Damage Increase |
| 15:45 | Wind Rider |
| 16:06 | Kodo Beast |
| 17:02 | Stronghold |
| 17:04 | Barracks |
| 17:07 | Feral Spirit |
| 17:20 | Healing Wave |
| 17:39 | Healing Wave |
| 17:49 | Voodoo Lounge |
| 17:57 | Watch Tower |
| Right click | 328 |
| Select | 206 |
| Select group | 172 |
| Build/train/purchase | 100 |
| Misc. action | 59 |
| Chat | 56 |
| Use ability | 38 |
| Assign group | 37 |
| Minimap ping | 2 |

| Lesser Clarity Potion | 2 | 140 |
| Potion of Healing | 1 | 150 |
| Anti-magic Potion | 3 | 300 |
| Orb of Venom | 1 | 325 |
| Staff of Preservation | 1 | 150 |
| Scroll of Town Portal | 1 | 350 |
| Boots of Speed | 1 | 250 |
| Periapt of Vitality | 1 | 325 |
| Staff of Teleportation | 1 | 150 |
| Healing Salve | 1 | 100 |
| Scroll of Speed | 2 | 100 |
| total: | 15 | 2340g |
| Wisp | 25 | 1500 | / | 0 |
| Chimaera | 12 | 3960 | / | 840 |
| total: | 37 | 5460g | / | 840w |
| Altar of Elders | 1 | 180 | / | 50 |
| Moon Well | 6 | 1080 | / | 240 |
| Ancient of War | 1 | 150 | / | 60 |
| Ancient of Wonders | 1 | 90 | / | 30 |
| Hunter's Hall | 1 | 210 | / | 100 |
| Tree of Life | 2 | 680 | / | 370 |
| Chimaera Roost | 7 | 980 | / | 1330 |
| Tree of Ages | 1 | 320 | / | 180 |
| Tree of Eternity | 1 | 330 | / | 200 |
| total: | 19 | 3370g | / | 2180w |
| 0:04 | Wisp |
| 0:04 | Wisp |
| 0:04 | Wisp |
| 0:06 | Altar of Elders |
| 0:12 | Moon Well |
| 0:13 | Moon Well |
| 0:18 | Wisp |
| 0:28 | Wisp |
| 0:34 | Wisp |
| 0:49 | Wisp |
| 1:03 | Wisp |
| 1:22 | Ancient of War |
| 1:24 | Moon Well |
| 1:29 | Wisp |
| 2:12 | Ancient of Wonders |
| 2:15 | Hunter's Hall |
| 2:19 | Wisp |
| 2:24 | Moon Well |
| 3:07 | Shadow Strike |
| 3:07 | Shadow Strike |
| 3:36 | Tree of Ages |
| 3:50 | Moon Well |
| 4:23 | Lesser Clarity Potion |
| 4:23 | Lesser Clarity Potion |
| 4:47 | Moon Well |
| 5:32 | Strength of the Wild |
| 5:32 | Reinforced Hides |
| 5:55 | Boots of Speed |
| 5:55 | Periapt of Vitality |
| 5:58 | Staff of Teleportation |
| 6:02 | Tree of Eternity |
| 6:38 | Tree of Life |
| 7:08 | Improved Strength of the Wild |
| 8:35 | Chimaera Roost |
| 8:54 | Chimaera Roost |
| 8:55 | Chimaera Roost |
| 8:56 | Chimaera Roost |
| 9:16 | Potion of Healing |
| 9:18 | Anti-magic Potion |
| 9:35 | Wisp |
| 9:35 | Wisp |
| 9:35 | Wisp |
| 9:35 | Wisp |
| 9:35 | Wisp |
| 10:03 | Wisp |
| 10:03 | Wisp |
| 10:03 | Wisp |
| 10:03 | Wisp |
| 10:03 | Wisp |
| 10:10 | Wisp |
| 10:10 | Wisp |
| 10:13 | Chimaera Roost |
| 10:19 | Blink |
| 10:23 | Chimaera Roost |
| 10:25 | Wisp |
| 10:26 | Wisp |
| 10:27 | Wisp |
| 10:43 | Improved Reinforced Hides |
| 10:45 | Chimaera |
| 11:38 | Chimaera |
| 11:38 | Chimaera |
| 11:43 | Chimaera |
| 11:44 | Chimaera |
| 11:56 | Scroll of Town Portal |
| 11:57 | Orb of Venom |
| 12:12 | Anti-magic Potion |
| 12:18 | Staff of Preservation |
| 12:25 | Chimaera |
| 12:28 | Chimaera Roost |
| 12:51 | Chimaera |
| 12:52 | Chimaera |
| 14:09 | Shadow Strike |
| 14:27 | Tree of Life |
| 14:51 | Chimaera |
| 14:55 | Advanced Strength of the Wild |
| 15:01 | Blink |
| 15:23 | Corrosive Breath |
| 15:27 | Anti-magic Potion |
| 15:38 | Chimaera |
| 15:39 | Chimaera |
| 16:36 | Healing Salve |
| 17:32 | Scroll of Speed |
| 17:32 | Scroll of Speed |
| 18:06 | Chimaera |
| Right click | 837 |
| Select | 401 |
| Select group | 132 |
| Assign group | 77 |
| Build/train/purchase | 77 |
| Use ability | 62 |
| Misc. action | 25 |
| Item give/drop | 2 |

| Healing Salve | 1 | 100 |
| Lesser Clarity Potion | 1 | 70 |
| total: | 2 | 170g |
| Peon | 21 | 1575 | / | 0 |
| Troll Headhunter | 10 | 1400 | / | 200 |
| Shaman | 6 | 780 | / | 120 |
| Troll Berserker | 10 | 1400 | / | 200 |
| Troll Witch Doctor | 5 | 725 | / | 125 |
| Kodo Beast | 1 | 255 | / | 60 |
| Wind Rider | 3 | 795 | / | 120 |
| total: | 56 | 6930g | / | 825w |
| Altar of Storms | 1 | 180 | / | 50 |
| Orc Burrow | 5 | 800 | / | 200 |
| War Mill | 1 | 205 | / | 0 |
| Barracks | 1 | 180 | / | 50 |
| Voodoo Lounge | 1 | 130 | / | 30 |
| Great Hall | 1 | 385 | / | 185 |
| Spirit Lodge | 2 | 300 | / | 300 |
| Beastiary | 2 | 290 | / | 280 |
| Stronghold | 2 | 630 | / | 380 |
| Fortress | 1 | 325 | / | 190 |
| total: | 14 | 2470g | / | 1095w |
| 0:02 | Peon |
| 0:02 | Peon |
| 0:09 | Altar of Storms |
| 0:19 | Orc Burrow |
| 0:20 | Peon |
| 0:32 | Peon |
| 0:49 | War Mill |
| 1:02 | Peon |
| 1:13 | Peon |
| 1:20 | Barracks |
| 1:31 | Peon |
| 1:42 | Orc Burrow |
| 1:52 | Peon |
| 2:12 | Feral Spirit |
| 2:21 | Peon |
| 2:23 | Troll Headhunter |
| 2:44 | Troll Headhunter |
| 2:55 | Stronghold |
| 3:08 | Troll Headhunter |
| 3:24 | Voodoo Lounge |
| 3:35 | Troll Headhunter |
| 3:56 | Orc Burrow |
| 4:03 | Troll Headhunter |
| 4:03 | Troll Headhunter |
| 4:26 | Troll Headhunter |
| 4:35 | Chain Lighting |
| 4:57 | Troll Headhunter |
| 5:28 | Great Hall |
| 5:40 | Feral Spirit |
| 5:43 | Fortress |
| 5:59 | Healing Salve |
| 6:11 | Lesser Clarity Potion |
| 6:18 | Troll Headhunter |
| 6:20 | Steel Ranged Weapons |
| 6:25 | Spirit Lodge |
| 6:58 | Spirit Lodge |
| 7:48 | Shaman Adept Training |
| 7:51 | Orc Burrow |
| 7:55 | Peon |
| 7:55 | Peon |
| 7:56 | Peon |
| 8:04 | Berserker Upgrade |
| 8:06 | Reinforced Defenses |
| 8:14 | Peon |
| 8:15 | Peon |
| 8:15 | Peon |
| 8:16 | Shaman |
| 8:19 | Troll Headhunter |
| 8:30 | Peon |
| 8:36 | Shaman |
| 8:42 | Orc Burrow |
| 8:44 | Spiked Barricades |
| 8:51 | Shaman Master Training |
| 8:59 | Beastiary |
| 9:41 | Chain Lighting |
| 10:19 | Troll Berserker |
| 10:19 | Troll Berserker |
| 10:20 | Shaman |
| 10:20 | Shaman |
| 11:34 | Witch Doctor Adept Training |
| 11:35 | Troll Witch Doctor |
| 11:35 | Troll Witch Doctor |
| 11:36 | Troll Berserker |
| 11:36 | Troll Berserker |
| 11:36 | Troll Berserker |
| 11:39 | Beastiary |
| 11:40 | Kodo Beast |
| 11:41 | War Drums Damage Increase |
| 12:20 | Improved Spiked Barricades |
| 12:42 | Witch Doctor Master Training |
| 12:42 | Troll Witch Doctor |
| 12:42 | Troll Witch Doctor |
| 12:44 | Troll Berserker |
| 12:44 | Troll Berserker |
| 12:45 | Troll Berserker |
| 13:41 | Feral Spirit |
| 13:55 | Wind Rider |
| 13:58 | Thorium Ranged Weapons |
| 13:59 | Troll Berserker |
| 13:59 | Troll Berserker |
| 14:00 | Shaman |
| 14:01 | Troll Witch Doctor |
| 14:57 | Envenomed Spears |
| 14:57 | Wind Rider |
| 15:33 | Shaman |
| 15:40 | Peon |
| 15:40 | Peon |
| 15:40 | Peon |
| 16:03 | Wind Rider |
| 16:12 | Peon |
| 16:12 | Peon |
| Right click | 714 |
| Select | 263 |
| Select group | 150 |
| Build/train/purchase | 115 |
| Use ability | 41 |
| Assign group | 38 |
| Minimap ping | 5 |
| Item give/drop | 1 |
170 units @ 25.8k
/ 4.6k
70 buildings @ 11.9k
/ 5.3k


| Rod of Necromancy | 3 | 450 |
| Potion of Healing | 1 | 150 |
| Orb of Corruption | 1 | 375 |
| Scroll of Healing | 3 | 750 |
| Potion of Lesser Invulnerability | 1 | 150 |
| total: | 9 | 1875g |
| Acolyte | 8 | 600 | / | 0 |
| Ghoul | 3 | 360 | / | 0 |
| Crypt Fiend | 12 | 2580 | / | 480 |
| Obsidian Statue | 8 | 1600 | / | 280 |
| Abomination | 2 | 480 | / | 140 |
| total: | 33 | 5620g | / | 900w |
| Nerubian Tower | 2 | 200 | / | 40 |
| Crypt | 1 | 200 | / | 50 |
| Graveyard | 1 | 215 | / | 0 |
| Altar of Darkness | 1 | 180 | / | 50 |
| Ziggurat | 6 | 900 | / | 300 |
| Tomb of Relics | 1 | 130 | / | 30 |
| Necropolis | 1 | 225 | / | 0 |
| Slaughterhouse | 3 | 420 | / | 405 |
| Halls of the Dead | 2 | 640 | / | 420 |
| Black Citadel | 1 | 325 | / | 230 |
| total: | 14 | 2270g | / | 835w |
| 0:02 | Acolyte |
| 0:02 | Acolyte |
| 0:05 | Crypt |
| 0:39 | Graveyard |
| 0:54 | Altar of Darkness |
| 0:56 | Ziggurat |
| 1:14 | Ghoul |
| 1:26 | Tomb of Relics |
| 1:47 | Ghoul |
| 1:55 | Ziggurat |
| 2:11 | Crypt Fiend |
| 2:46 | Acolyte |
| 2:49 | Crypt Fiend |
| 2:56 | Rod of Necromancy |
| 3:03 | Death Coil |
| 3:20 | Crypt Fiend |
| 3:57 | Halls of the Dead |
| 4:34 | Necropolis |
| 4:37 | Unholy Aura |
| 4:56 | Crypt Fiend |
| 5:02 | Rod of Necromancy |
| 5:19 | Crypt Fiend |
| 5:42 | Ziggurat |
| 6:13 | Acolyte |
| 6:13 | Acolyte |
| 6:14 | Ziggurat |
| 6:19 | Death Coil |
| 6:49 | Crypt Fiend |
| 6:53 | Slaughterhouse |
| 6:55 | Slaughterhouse |
| 7:16 | Acolyte |
| 7:16 | Acolyte |
| 7:28 | Web |
| 7:36 | Frost Nova |
| 7:39 | Rod of Necromancy |
| 8:11 | Ghoul |
| 8:14 | Obsidian Statue |
| 8:20 | Potion of Lesser Invulnerability |
| 8:27 | Scroll of Healing |
| 8:31 | Black Citadel |
| 9:30 | Death Pact |
| 10:01 | Crypt Fiend |
| 10:02 | Obsidian Statue |
| 10:08 | Slaughterhouse |
| 10:12 | Frost Armor |
| 11:14 | Crypt Fiend |
| 11:36 | Abomination |
| 11:36 | Disease Cloud |
| 11:38 | Obsidian Statue |
| 11:38 | Abomination |
| 11:50 | Nerubian Tower |
| 12:10 | Potion of Healing |
| 12:12 | Orb of Corruption |
| 12:12 | Scroll of Healing |
| 12:12 | Scroll of Healing |
| 12:17 | Creature Attack |
| 12:51 | Destroyer Form |
| 13:11 | Ziggurat |
| 14:11 | Crypt Fiend |
| 14:21 | Obsidian Statue |
| 14:24 | Frost Nova |
| 14:51 | Ziggurat |
| 14:53 | Creature Carapace |
| 14:54 | Improved Creature Attack |
| 15:10 | Obsidian Statue |
| 15:28 | Acolyte |
| 16:19 | Obsidian Statue |
| 16:20 | Death Coil |
| 17:15 | Crypt Fiend |
| 17:19 | Crypt Fiend |
| 17:19 | Obsidian Statue |
| 18:10 | Unholy Aura |
| 18:13 | Obsidian Statue |
| 18:13 | Crypt Fiend |
| 18:15 | Advanced Creature Attack |
| Right click | 1022 |
| Select group | 703 |
| Select | 375 |
| Build/train/purchase | 108 |
| Misc. action | 103 |
| Use ability | 41 |
| Assign group | 40 |
| Item give/drop | 4 |
| Minimap ping | 1 |


| Rod of Necromancy | 5 | 750 |
| Ritual Dagger | 1 | 125 |
| Orb of Corruption | 1 | 375 |
| Potion of Healing | 2 | 300 |
| Scroll of Town Portal | 1 | 350 |
| Potion of Lesser Invulnerability | 1 | 150 |
| total: | 11 | 2050g |
| Acolyte | 7 | 525 | / | 0 |
| Ghoul | 6 | 720 | / | 0 |
| Crypt Fiend | 11 | 2365 | / | 440 |
| Obsidian Statue | 6 | 1200 | / | 210 |
| Abomination | 7 | 1680 | / | 490 |
| total: | 37 | 6490g | / | 1140w |
| Altar of Darkness | 1 | 180 | / | 50 |
| Crypt | 1 | 200 | / | 50 |
| Ziggurat | 6 | 900 | / | 300 |
| Graveyard | 2 | 430 | / | 0 |
| Tomb of Relics | 1 | 130 | / | 30 |
| Necropolis | 1 | 225 | / | 0 |
| Slaughterhouse | 3 | 420 | / | 405 |
| Halls of the Dead | 2 | 640 | / | 420 |
| Black Citadel | 1 | 325 | / | 230 |
| total: | 15 | 2485g | / | 835w |
| 0:02 | Acolyte |
| 0:05 | Altar of Darkness |
| 0:07 | Crypt |
| 0:11 | Acolyte |
| 0:33 | Ziggurat |
| 0:56 | Graveyard |
| 1:12 | Tomb of Relics |
| 1:23 | Ghoul |
| 1:23 | Ghoul |
| 1:39 | Ghoul |
| 1:51 | Ziggurat |
| 2:17 | Crypt Fiend |
| 2:17 | Crypt Fiend |
| 2:27 | Rod of Necromancy |
| 2:27 | Rod of Necromancy |
| 2:42 | Death Coil |
| 3:00 | Halls of the Dead |
| 3:26 | Crypt Fiend |
| 3:46 | Ritual Dagger |
| 3:55 | Crypt Fiend |
| 4:06 | Creature Attack |
| 4:21 | Rod of Necromancy |
| 4:21 | Rod of Necromancy |
| 4:51 | Crypt Fiend |
| 5:14 | Ziggurat |
| 5:31 | Unholy Aura |
| 5:49 | Acolyte |
| 6:36 | Crypt Fiend |
| 6:46 | Acolyte |
| 6:47 | Acolyte |
| 6:52 | Death Coil |
| 7:02 | Acolyte |
| 7:05 | Ziggurat |
| 7:19 | Burrow |
| 7:23 | Acolyte |
| 7:39 | Ziggurat |
| 7:45 | Frost Nova |
| 8:18 | Black Citadel |
| 8:26 | Slaughterhouse |
| 8:30 | Crypt Fiend |
| 9:10 | Necropolis |
| 9:18 | Potion of Lesser Invulnerability |
| 9:36 | Obsidian Statue |
| 9:36 | Obsidian Statue |
| 9:38 | Crypt Fiend |
| 9:38 | Crypt Fiend |
| 9:40 | Web |
| 10:26 | Dark Ritual |
| 11:00 | Abomination |
| 11:03 | Slaughterhouse |
| 11:06 | Ghoul |
| 11:06 | Ghoul |
| 11:08 | Graveyard |
| 11:10 | Unholy Armor |
| 11:13 | Orb of Corruption |
| 11:16 | Potion of Healing |
| 11:18 | Rod of Necromancy |
| 11:23 | Scroll of Town Portal |
| 11:26 | Potion of Healing |
| 11:49 | Abomination |
| 11:55 | Ghoul |
| 12:11 | Abomination |
| 12:42 | Crypt Fiend |
| 12:44 | Abomination |
| 12:55 | Unholy Aura |
| 13:12 | Destroyer Form |
| 13:12 | Obsidian Statue |
| 13:13 | Obsidian Statue |
| 13:58 | Abomination |
| 14:25 | Frost Nova |
| 14:40 | Crypt Fiend |
| 14:42 | Obsidian Statue |
| 14:45 | Improved Creature Attack |
| 14:46 | Improved Unholy Armor |
| 14:49 | Advanced Unholy Armor |
| 14:50 | Ziggurat |
| 15:39 | Abomination |
| 15:41 | Slaughterhouse |
| 16:38 | Abomination |
| 17:29 | Obsidian Statue |
| 18:00 | Dark Ritual |
| Right click | 631 |
| Select | 231 |
| Select group | 171 |
| Build/train/purchase | 114 |
| Use ability | 53 |
| Assign group | 36 |
| Misc. action | 9 |
| Esc | 2 |
| Item give/drop | 1 |
| Remove unit | 1 |

| Orb of Venom | 1 | 325 |
| Scroll of Town Portal | 2 | 700 |
| Boots of Speed | 1 | 250 |
| total: | 4 | 1275g |
| Wisp | 33 | 1980 | / | 0 |
| Archer | 5 | 650 | / | 50 |
| Glaive Thrower | 5 | 1050 | / | 325 |
| Dryad | 10 | 1450 | / | 600 |
| total: | 53 | 5130g | / | 975w |
| Ancient Protector | 5 | 675 | / | 400 |
| Altar of Elders | 1 | 180 | / | 50 |
| Moon Well | 6 | 1080 | / | 240 |
| Ancient of War | 2 | 300 | / | 120 |
| Hunter's Hall | 1 | 210 | / | 100 |
| Tree of Life | 3 | 1020 | / | 555 |
| Ancient of Wonders | 1 | 90 | / | 30 |
| Ancient of Lore | 3 | 465 | / | 435 |
| Tree of Ages | 1 | 320 | / | 180 |
| Tree of Eternity | 1 | 330 | / | 200 |
| total: | 22 | 4020g | / | 1930w |
| 0:05 | Wisp |
| 0:05 | Wisp |
| 0:05 | Wisp |
| 0:05 | Wisp |
| 0:15 | Altar of Elders |
| 0:23 | Moon Well |
| 0:30 | Ancient of War |
| 0:39 | Wisp |
| 0:49 | Wisp |
| 0:55 | Wisp |
| 1:09 | Wisp |
| 1:29 | Moon Well |
| 1:37 | Archer |
| 1:58 | Ancient of War |
| 2:01 | Wisp |
| 2:13 | Archer |
| 2:21 | Entangling Roots |
| 2:37 | Hunter's Hall |
| 2:49 | Archer |
| 3:02 | Archer |
| 3:05 | Wisp |
| 3:18 | Wisp |
| 3:19 | Wisp |
| 3:29 | Archer |
| 3:43 | Ancient Protector |
| 3:57 | Wisp |
| 3:57 | Wisp |
| 4:27 | Tree of Life |
| 4:38 | Ancient Protector |
| 4:52 | Ancient Protector |
| 4:59 | Force of Nature |
| 5:37 | Tree of Life |
| 5:47 | Wisp |
| 5:47 | Wisp |
| 5:47 | Wisp |
| 5:51 | Ancient of Wonders |
| 6:13 | Moon Well |
| 6:15 | Wisp |
| 6:15 | Wisp |
| 6:25 | Wisp |
| 6:38 | Force of Nature |
| 6:45 | Boots of Speed |
| 7:01 | Tree of Ages |
| 7:17 | Ancient Protector |
| 7:36 | Glaive Thrower |
| 8:14 | Wisp |
| 8:14 | Wisp |
| 8:14 | Wisp |
| 8:15 | Wisp |
| 8:15 | Wisp |
| 8:18 | Wisp |
| 8:19 | Wisp |
| 8:19 | Wisp |
| 8:19 | Wisp |
| 8:22 | Wisp |
| 8:28 | Wisp |
| 9:34 | Glaive Thrower |
| 9:37 | Ancient of Lore |
| 9:41 | Ancient of Lore |
| 9:44 | Entangling Roots |
| 10:15 | Strength of the Wild |
| 10:15 | Reinforced Hides |
| 10:19 | Ancient of Lore |
| 10:44 | Glaive Thrower |
| 10:49 | Moon Well |
| 10:54 | Moon Well |
| 11:03 | Tree of Eternity |
| 11:07 | Ultravision |
| 11:15 | Moon Well |
| 11:26 | Wisp |
| 11:26 | Wisp |
| 11:33 | Abolish Magic |
| 11:44 | Scroll of Town Portal |
| 11:57 | Dryad |
| 12:19 | Dryad |
| 12:39 | Glaive Thrower |
| 13:00 | Dryad |
| 13:52 | Nature's Blessing |
| 13:58 | Scroll of Town Portal |
| 13:59 | Orb of Venom |
| 14:03 | Dryad |
| 14:13 | Dryad |
| 14:54 | Force of Nature |
| 14:58 | Ancient Protector |
| 15:32 | Glaive Thrower |
| 15:36 | Dryad |
| 15:36 | Dryad |
| 15:47 | Tranquility |
| 17:21 | Dryad |
| 17:21 | Dryad |
| 17:21 | Dryad |
| 18:17 | Tree of Life |
| 18:26 | Entangling Roots |
| Select group | 527 |
| Right click | 522 |
| Select | 213 |
| Build/train/purchase | 74 |
| Use ability | 29 |
| Assign group | 21 |
| Minimap ping | 12 |
| Item give/drop | 2 |
| Remove unit | 1 |


| Potion of Healing | 2 | 300 |
| Scroll of Town Portal | 2 | 700 |
| total: | 4 | 1000g |
| Acolyte | 14 | 1050 | / | 0 |
| Ghoul | 6 | 720 | / | 0 |
| Crypt Fiend | 12 | 2580 | / | 480 |
| Obsidian Statue | 7 | 1400 | / | 245 |
| Frost Wyrm | 6 | 2310 | / | 720 |
| Abomination | 2 | 480 | / | 140 |
| total: | 47 | 8540g | / | 1585w |
| Spirit Tower | 1 | 145 | / | 40 |
| Crypt | 1 | 200 | / | 50 |
| Ziggurat | 8 | 1200 | / | 400 |
| Altar of Darkness | 1 | 180 | / | 50 |
| Graveyard | 1 | 215 | / | 0 |
| Tomb of Relics | 1 | 130 | / | 30 |
| Necropolis | 1 | 225 | / | 0 |
| Slaughterhouse | 1 | 140 | / | 135 |
| Boneyard | 5 | 875 | / | 1000 |
| Halls of the Dead | 1 | 320 | / | 210 |
| Black Citadel | 1 | 325 | / | 230 |
| total: | 19 | 3165g | / | 1665w |
| 0:05 | Acolyte |
| 0:05 | Acolyte |
| 0:09 | Crypt |
| 0:16 | Ziggurat |
| 0:35 | Altar of Darkness |
| 0:54 | Ziggurat |
| 1:00 | Acolyte |
| 1:24 | Graveyard |
| 1:34 | Ghoul |
| 1:48 | Tomb of Relics |
| 1:58 | Ghoul |
| 2:13 | Ghoul |
| 2:14 | Ghoul |
| 2:22 | Ghoul |
| 2:34 | Ghoul |
| 2:43 | Carrion Beetles |
| 2:57 | Crypt Fiend |
| 3:37 | Halls of the Dead |
| 3:49 | Ziggurat |
| 4:04 | Crypt Fiend |
| 4:40 | Necropolis |
| 4:47 | Crypt Fiend |
| 4:56 | Impale |
| 5:32 | Crypt Fiend |
| 5:43 | Ziggurat |
| 6:07 | Web |
| 6:11 | Slaughterhouse |
| 6:16 | Acolyte |
| 6:27 | Acolyte |
| 6:27 | Acolyte |
| 6:30 | Spiked Carapace |
| 6:42 | Acolyte |
| 6:42 | Acolyte |
| 6:59 | Crypt Fiend |
| 7:35 | Obsidian Statue |
| 7:35 | Obsidian Statue |
| 7:45 | Acolyte |
| 7:46 | Acolyte |
| 7:46 | Acolyte |
| 7:46 | Acolyte |
| 7:46 | Acolyte |
| 7:51 | Acolyte |
| 8:05 | Obsidian Statue |
| 8:31 | Frost Armor |
| 8:35 | Black Citadel |
| 9:47 | Carrion Beetles |
| 10:10 | Obsidian Statue |
| 10:11 | Crypt Fiend |
| 10:11 | Crypt Fiend |
| 10:20 | Potion of Healing |
| 10:20 | Scroll of Town Portal |
| 10:25 | Crypt Fiend |
| 10:33 | Ziggurat |
| 10:38 | Ziggurat |
| 10:42 | Ziggurat |
| 10:46 | Ziggurat |
| 11:04 | Boneyard |
| 11:19 | Boneyard |
| 11:24 | Boneyard |
| 11:49 | Creature Attack |
| 11:50 | Creature Carapace |
| 12:13 | Obsidian Statue |
| 12:39 | Freezing Breath |
| 12:40 | Frost Wyrm |
| 12:40 | Frost Wyrm |
| 12:40 | Frost Wyrm |
| 13:22 | Spirit Tower |
| 13:28 | Crypt Fiend |
| 13:28 | Crypt Fiend |
| 13:48 | Boneyard |
| 14:01 | Frost Nova |
| 14:14 | Abomination |
| 14:14 | Abomination |
| 14:26 | Crypt Fiend |
| 14:26 | Crypt Fiend |
| 14:48 | Boneyard |
| 14:57 | Obsidian Statue |
| 14:57 | Obsidian Statue |
| 15:50 | Frost Wyrm |
| 15:50 | Frost Wyrm |
| 16:14 | Potion of Healing |
| 16:15 | Scroll of Town Portal |
| 16:45 | Frost Wyrm |
| 17:30 | Carrion Beetles |
| 18:03 | Frost Armor |
| Select group | 473 |
| Right click | 265 |
| Select | 203 |
| Build/train/purchase | 77 |
| Assign group | 33 |
| Misc. action | 12 |
| Use ability | 12 |
| Item give/drop | 3 |
| Esc | 1 |
| Minimap ping | 1 |
⇛